[ AOE2 MATCH · #493733474 ]
UnrankedSpanish vs Italians
Player's team · WIN
Rival team · LOSS
[ REPLAY ANALYSIS · EXTRACTED FROM THE RECORDED GAME ]
Feudal
11:21
Castle
15:54
Imperial
—
| APM avg | 78.6 |
| APM peak | 139 |
| eAPM avg | 32.2 |
| Villagers / military | 46 / 41 |
Focus
⚔️ 38.0% · 🌾 62.0%
Conquistador ×24 · Battering Ram ×13 · Scorpion ×2 · Missionary ×2
Feudal
8:05
Castle
18:15
Imperial
—
| APM avg | 82.0 |
| APM peak | 137 |
| eAPM avg | 51.1 |
| Villagers / military | 62 / 42 |
Focus
⚔️ 52.0% · 🌾 48.0%
Genoese Crossbowman ×35 · Monk ×4 · Mangonel ×1 · Spearman ×1 · Skirmisher ×1
Match map
Initial resources + every placement click. Lines = walls · curves = elevation contours. ◆ gold · ⬟ stone · ● berries · ✦ relic · ◌ wall gap
Your base· Open — unwalled flank
quadsflopper's base· Open — 4t gap
Smoothed initial terrain · ◌ = detected wall gap · hover for details
Inputs per minute
— 奉天讨贼 Latin America lagge - - quadsflopper
Build order — 奉天讨贼 Latin America lagge
First 150 of 158 actions detected
| 0:00 | Create | Villager (Male) |
| 0:02 | Build | House |
| 0:02 | Build | House |
| 0:04 | Create | Villager (Male) |
| 0:04 | Create | Villager (Male) |
| 0:05 | Create | Villager (Male) |
| 1:23 | Create | Villager (Male) |
| 1:23 | Create | Villager (Male) |
| 1:48 | Create | Villager (Male) |
| 1:48 | Create | Villager (Male) |
| 2:29 | Create | Villager (Male) |
| 2:45 | Create | Villager (Male) |
| 2:45 | Create | Villager (Male) |
| 3:08 | Create | Villager (Male) |
| 3:34 | Create | Villager (Male) |
| 3:49 | Create | Villager (Male) |
| 3:49 | Create | Villager (Male) |
| 4:11 | Build | House |
| 4:18 | Build | House |
| 4:21 | Create | Villager (Male) |
| 4:36 | Build | Lumber Camp |
| 4:59 | Create | Villager (Male) |
| 5:22 | Create | Villager (Male) |
| 5:22 | Create | Villager (Male) |
| 5:58 | Build | House |
| 5:59 | Build | House |
| 6:14 | Create | Villager (Male) |
| 6:14 | Create | Villager (Male) |
| 6:14 | Create | Villager (Male) |
| 6:15 | Create | Villager (Male) |
| 6:47 | Build | Mill |
| 7:37 | Build | Palisade Wall |
| 7:38 | Build | Palisade Wall |
| 7:40 | Build | Palisade Wall |
| 7:49 | Create | Villager (Male) |
| 8:12 | Create | Villager (Male) |
| 8:13 | Research | Loom |
| 8:49 | Build | Farm |
| 8:55 | Build | Palisade Wall |
| 9:00 | Research | Feudal Age |
| 9:38 | Build | Farm |
| 9:51 | Build | Palisade Wall |
| 9:52 | Build | Palisade Wall |
| 9:53 | Build | Palisade Wall |
| 9:57 | Build | Palisade Wall |
| 10:33 | Create | Villager (Male) |
| 11:21 | Age | Feudal Age |
| 11:30 | Build | Market |
| 11:44 | Create | Villager (Male) |
| 11:55 | Build | Blacksmith |
| 12:13 | Create | Villager (Male) |
| 12:20 | Build | Palisade Wall |
| 12:45 | Build | Farm |
| 12:51 | Build | House |
| 13:06 | Build | Mining Camp |
| 13:14 | Research | Castle Age |
| 13:14 | Research | Castle Age |
| 13:51 | Research | Horse Collar |
| 13:51 | Research | Horse Collar |
| 14:08 | Build | Farm |
| 14:16 | Build | Farm |
| 14:26 | Build | Palisade Wall |
| 14:33 | Research | Double-Bit Axe |
| 14:33 | Research | Double-Bit Axe |
| 14:39 | Build | Farm |
| 14:49 | Build | Farm |
| 15:12 | Create | Villager (Male) |
| 15:54 | Age | Castle Age |
| 16:03 | Create | Villager (Male) |
| 16:22 | Create | Villager (Male) |
| 16:24 | Build | Farm |
| 16:33 | Build | Siege Workshop |
| 16:48 | Create | Villager (Male) |
| 17:38 | Build | Castle |
| 17:40 | Create | Battering Ram |
| 17:43 | Create | Scorpion |
| 17:48 | Build | Palisade Wall |
| 17:51 | Build | Palisade Wall |
| 17:52 | Build | Palisade Wall |
| 17:54 | Build | Palisade Wall |
| 17:55 | Build | Palisade Wall |
| 18:30 | Create | Scorpion |
| 18:48 | Create | Battering Ram |
| 18:50 | Create | Villager (Male) |
| 19:10 | Create | Conquistador |
| 19:10 | Create | Conquistador |
| 19:14 | Build | Lumber Camp |
| 19:19 | Build | Farm |
| 19:22 | Create | Villager (Male) |
| 19:26 | Build | Mining Camp |
| 19:52 | Create | Conquistador |
| 19:53 | Create | Conquistador |
| 20:14 | Create | Villager (Male) |
| 20:19 | Research | Padded Archer Armor |
| 20:38 | Build | Mining Camp |
| 20:43 | Build | Mining Camp |
| 20:47 | Create | Conquistador |
| 21:16 | Create | Conquistador |
| 21:39 | Create | Conquistador |
| 22:07 | Create | Conquistador |
| 22:49 | Create | Conquistador |
| 23:28 | Create | Conquistador |
| 23:33 | Create | Villager (Male) |
| 23:47 | Create | Battering Ram |
| 23:48 | Create | Battering Ram |
| 23:56 | Build | Mining Camp |
| 24:03 | Build | Monastery |
| 24:13 | Create | Conquistador |
| 24:16 | Build | Farm |
| 24:18 | Build | Lumber Camp |
| 24:19 | Build | Farm |
| 24:21 | Build | Farm |
| 24:26 | Build | Farm |
| 24:27 | Build | Farm |
| 24:28 | Create | Villager (Male) |
| 24:28 | Create | Villager (Male) |
| 24:36 | Create | Missionary |
| 24:38 | Create | Battering Ram |
| 24:49 | Create | Battering Ram |
| 24:53 | Create | Conquistador |
| 24:57 | Build | Farm |
| 25:22 | Create | Conquistador |
| 25:40 | Create | Conquistador |
| 25:41 | Create | Conquistador |
| 26:15 | Create | Conquistador |
| 26:37 | Create | Villager (Male) |
| 26:38 | Create | Villager (Male) |
| 26:43 | Build | Town Center |
| 26:49 | Build | House |
| 26:51 | Build | House |
| 27:01 | Research | Town Watch |
| 27:06 | Research | Leather Archer Armor |
| 27:21 | Create | Conquistador |
| 27:23 | Create | Battering Ram |
| 28:19 | Create | Conquistador |
| 28:40 | Create | Villager (Male) |
| 28:44 | Create | Conquistador |
| 28:44 | Create | Villager (Male) |
| 28:45 | Create | Villager (Male) |
| 28:47 | Create | Battering Ram |
| 28:47 | Create | Battering Ram |
| 28:47 | Create | Battering Ram |
| 29:19 | Create | Missionary |
| 29:23 | Build | Siege Workshop |
| 29:26 | Create | Conquistador |
| 29:27 | Build | Farm |
| 29:28 | Build | Farm |
| 29:32 | Create | Villager (Male) |
| 29:32 | Create | Villager (Male) |
| 29:33 | Create | Villager (Male) |
Build order — quadsflopper
First 150 of 196 actions detected
| 0:01 | Create | Villager (Male) |
| 0:01 | Create | Villager (Male) |
| 0:02 | Create | Villager (Male) |
| 0:02 | Create | Villager (Male) |
| 0:02 | Create | Villager (Male) |
| 0:03 | Build | House |
| 0:04 | Build | House |
| 1:27 | Create | Villager (Male) |
| 1:28 | Create | Villager (Male) |
| 1:59 | Create | Villager (Male) |
| 1:59 | Create | Villager (Male) |
| 2:02 | Build | Lumber Camp |
| 2:15 | Create | Villager (Male) |
| 2:15 | Create | Villager (Male) |
| 2:46 | Build | House |
| 2:54 | Create | Villager (Male) |
| 3:06 | Create | Villager (Male) |
| 3:06 | Create | Villager (Male) |
| 3:46 | Create | Villager (Male) |
| 3:46 | Create | Villager (Male) |
| 3:51 | Build | House |
| 3:53 | Create | Villager (Male) |
| 3:54 | Create | Villager (Male) |
| 4:05 | Create | Villager (Male) |
| 4:27 | Build | Mill |
| 4:36 | Create | Villager (Male) |
| 4:36 | Create | Villager (Male) |
| 4:39 | Research | Loom |
| 4:40 | Research | Loom |
| 5:22 | Create | Villager (Male) |
| 5:55 | Research | Feudal Age |
| 5:55 | Research | Feudal Age |
| 6:45 | Build | House |
| 6:56 | Build | House |
| 6:58 | Build | Palisade Wall |
| 7:01 | Create | Villager (Male) |
| 7:15 | Build | Barracks |
| 8:05 | Age | Feudal Age |
| 8:12 | Create | Villager (Male) |
| 8:29 | Build | Mill |
| 8:30 | Create | Villager (Male) |
| 8:36 | Research | Double-Bit Axe |
| 8:36 | Research | Double-Bit Axe |
| 8:50 | Create | Villager (Male) |
| 8:56 | Research | Horse Collar |
| 8:57 | Research | Horse Collar |
| 8:57 | Research | Horse Collar |
| 9:04 | Create | Villager (Male) |
| 9:21 | Create | Villager (Male) |
| 9:29 | Build | Farm |
| 9:30 | Build | Farm |
| 9:45 | Build | Farm |
| 9:51 | Create | Villager (Male) |
| 9:51 | Create | Villager (Male) |
| 9:58 | Build | House |
| 10:18 | Create | Villager (Male) |
| 10:24 | Build | Farm |
| 10:35 | Build | Farm |
| 10:51 | Create | Villager (Male) |
| 10:54 | Build | Farm |
| 11:02 | Create | Villager (Male) |
| 11:05 | Create | Villager (Male) |
| 11:12 | Build | Farm |
| 11:46 | Build | Mining Camp |
| 11:47 | Create | Villager (Male) |
| 11:58 | Build | House |
| 12:01 | Create | Villager (Male) |
| 12:05 | Build | House |
| 12:07 | Build | Palisade Wall |
| 12:40 | Build | Mining Camp |
| 12:42 | Create | Villager (Male) |
| 13:05 | Build | House |
| 13:07 | Create | Villager (Male) |
| 13:42 | Build | Blacksmith |
| 13:45 | Create | Villager (Male) |
| 14:06 | Build | Palisade Wall |
| 14:07 | Build | Palisade Wall |
| 14:08 | Build | Palisade Wall |
| 14:09 | Build | Palisade Wall |
| 14:09 | Build | Palisade Wall |
| 14:11 | Build | Palisade Wall |
| 14:13 | Build | Palisade Wall |
| 14:13 | Build | Palisade Wall |
| 14:14 | Build | Palisade Wall |
| 14:19 | Build | Palisade Wall |
| 14:21 | Build | Palisade Wall |
| 14:22 | Build | Palisade Wall |
| 14:23 | Build | Palisade Wall |
| 14:24 | Build | Palisade Wall |
| 14:25 | Build | Palisade Wall |
| 14:31 | Create | Villager (Male) |
| 14:37 | Create | Villager (Male) |
| 14:54 | Build | Archery Range |
| 14:58 | Research | Town Watch |
| 15:21 | Build | Palisade Wall |
| 15:22 | Build | Palisade Wall |
| 15:22 | Build | Palisade Wall |
| 15:24 | Build | Palisade Wall |
| 15:25 | Build | Palisade Wall |
| 15:28 | Build | Palisade Wall |
| 15:35 | Research | Castle Age |
| 15:35 | Research | Castle Age |
| 15:35 | Research | Castle Age |
| 15:57 | Build | Watch Tower |
| 16:01 | Build | House |
| 16:04 | Build | House |
| 16:05 | Build | House |
| 16:20 | Create | Skirmisher |
| 16:31 | Build | Watch Tower |
| 16:56 | Create | Villager (Male) |
| 17:09 | Build | House |
| 17:18 | Build | House |
| 17:27 | Build | Watch Tower |
| 17:34 | Build | House |
| 17:39 | Build | House |
| 17:40 | Create | Spearman |
| 17:49 | Build | Watch Tower |
| 17:57 | Build | Watch Tower |
| 18:08 | Create | Villager (Male) |
| 18:15 | Age | Castle Age |
| 18:28 | Build | Siege Workshop |
| 18:49 | Create | Villager (Male) |
| 19:00 | Create | Mangonel |
| 19:12 | Create | Villager (Male) |
| 19:26 | Build | Palisade Wall |
| 19:29 | Create | Villager (Male) |
| 19:46 | Build | Monastery |
| 20:01 | Create | Villager (Male) |
| 20:30 | Create | Monk |
| 20:30 | Create | Villager (Male) |
| 20:31 | Create | Villager (Male) |
| 20:31 | Create | Villager (Male) |
| 20:54 | Build | House |
| 20:56 | Build | Palisade Gate |
| 20:58 | Build | Palisade Wall |
| 21:16 | Create | Villager (Male) |
| 21:23 | Build | Watch Tower |
| 21:30 | Build | House |
| 21:31 | Create | Villager (Male) |
| 21:34 | Research | Fletching |
| 21:34 | Research | Fletching |
| 22:11 | Create | Monk |
| 22:19 | Build | House |
| 22:23 | Create | Monk |
| 22:32 | Build | House |
| 22:48 | Build | Castle |
| 23:07 | Create | Villager (Male) |
| 24:19 | Create | Monk |
| 24:30 | Build | Town Center |
| 24:40 | Create | Genoese Crossbowman |
Match timeline
| 6:58 | quadsflopper · wall_segment Palisade Wall x1 |
| 7:15 | quadsflopper · first_building Barracks |
| 7:37 | 奉天讨贼 Latin America lagge · wall_segment Palisade Wall x3 |
| 7:38 | 奉天讨贼 Latin America lagge · wall_segment Palisade Wall x1 |
| 7:40 | 奉天讨贼 Latin America lagge · wall_segment Palisade Wall x8 |
| 8:05 | quadsflopper · age_up feudal |
| 8:55 | 奉天讨贼 Latin America lagge · wall_segment Palisade Wall x1 |
| 9:51 | 奉天讨贼 Latin America lagge · wall_segment Palisade Wall x1 |
| 9:52 | 奉天讨贼 Latin America lagge · wall_segment Palisade Wall x1 |
| 9:53 | 奉天讨贼 Latin America lagge · wall_segment Palisade Wall x1 |
| 9:57 | 奉天讨贼 Latin America lagge · wall_segment Palisade Wall x13 |
| 11:21 | 奉天讨贼 Latin America lagge · age_up feudal |
| 12:07 | quadsflopper · wall_segment Palisade Wall x7 |
| 12:20 | 奉天讨贼 Latin America lagge · wall_segment Palisade Wall x1 |
| 12:25 | 奉天讨贼 Latin America lagge · first_market_sell 100 wood |
| 14:06 | quadsflopper · wall_segment Palisade Wall x1 |
| 14:07 | quadsflopper · wall_segment Palisade Wall x1 |
| 14:08 | quadsflopper · wall_segment Palisade Wall x1 |
| 14:09 | quadsflopper · wall_segment Palisade Wall x1 |
| 14:09 | quadsflopper · wall_segment Palisade Wall x1 |
| 14:11 | quadsflopper · wall_segment Palisade Wall x1 |
| 14:13 | quadsflopper · wall_segment Palisade Wall x1 |
| 14:13 | quadsflopper · wall_segment Palisade Wall x1 |
| 14:14 | quadsflopper · wall_segment Palisade Wall x1 |
| 14:19 | quadsflopper · wall_segment Palisade Wall x1 |
| 14:21 | quadsflopper · wall_segment Palisade Wall x1 |
| 14:22 | quadsflopper · wall_segment Palisade Wall x1 |
| 14:23 | quadsflopper · wall_segment Palisade Wall x1 |
| 14:24 | quadsflopper · wall_segment Palisade Wall x1 |
| 14:25 | quadsflopper · wall_segment Palisade Wall x1 |
| 14:26 | 奉天讨贼 Latin America lagge · wall_segment Palisade Wall x1 |
| 14:54 | quadsflopper · first_building Archery Range |
| 15:21 | quadsflopper · wall_segment Palisade Wall x1 |
| 15:22 | quadsflopper · wall_segment Palisade Wall x1 |
| 15:22 | quadsflopper · wall_segment Palisade Wall x1 |
| 15:24 | quadsflopper · wall_segment Palisade Wall x1 |
| 15:25 | quadsflopper · wall_segment Palisade Wall x1 |
| 15:28 | quadsflopper · wall_segment Palisade Wall x4 |
| 15:54 | 奉天讨贼 Latin America lagge · age_up castle |
| 16:33 | 奉天讨贼 Latin America lagge · first_building Siege Workshop |
| 17:38 | 奉天讨贼 Latin America lagge · first_building Castle |
| 17:48 | 奉天讨贼 Latin America lagge · wall_segment Palisade Wall x1 |
| 17:51 | 奉天讨贼 Latin America lagge · wall_segment Palisade Wall x1 |
| 17:52 | 奉天讨贼 Latin America lagge · wall_segment Palisade Wall x1 |
| 17:54 | 奉天讨贼 Latin America lagge · wall_segment Palisade Wall x1 |
| 17:55 | 奉天讨贼 Latin America lagge · wall_segment Palisade Wall x1 |
| 18:15 | quadsflopper · age_up castle |
| 18:28 | quadsflopper · first_building Siege Workshop |
| 19:26 | quadsflopper · wall_segment Palisade Wall x1 |
| 19:46 | quadsflopper · first_building Monastery |
| 20:58 | quadsflopper · wall_segment Palisade Wall x1 |
| 22:48 | quadsflopper · first_building Castle |
| 24:03 | 奉天讨贼 Latin America lagge · first_building Monastery |
| 29:32 | 奉天讨贼 Latin America lagge · first_market_buy 100 food |
| 31:38 | quadsflopper · resign |
[ AI ANALYSIS · 1 CREDIT ]
What really happened in this match?
Wolo.gg analyzes every decision: build order, eco, micro, common mistakes by bracket. Personalized analysis on WhatsApp or Discord in 30 seconds.
Civ guide
Spanish
Perfil
奉天讨贼 Latin America lagge